 Dungeon Crawl Stone Soup version 0.31-a0-532-g28f74ba3e5 (webtiles) character file.

Game seed: 10761216405270687248

115 randomguy2701 the Grave Robber (level 4, -2/24 HPs)
             Began as a Deep Elf Necromancer on Aug 13, 2023.
             Slain by an orc wizard
             ... wielding a +0 dagger
              (3 damage)
             ... on level 3 of the Dungeon.
             The game lasted 00:04:06 (2491 turns).

randomguy2701 the Grave Robber (DENe)               Turns: 2491, Time: 00:04:08

Health: -2/24      AC:  2    Str:  5    XL:     4   Next: 68%
Magic:  12/12      EV: 14    Int: 22    God:
Gold:   236        SH:  0    Dex: 27    Spells: 11/12 levels left

rFire   . . .        p - +0 sling
rCold   . . .        (no shield)
rNeg    . . .        a - +0 robe
rPois   .            (no helmet)
rElec   .            (no cloak)
rCorr   .            (no gloves)
SInv    .            (no boots)
Will    .....        (no amulet)
Stlth   +++          m - +6 ring of dexterity
HPRegen 0.24/turn    o - +6 ring of dexterity
MPRegen 0.13/turn

%: no passive effects
@: no status effects
A: no striking features
a: no special abilities


You were on level 3 of the Dungeon.
You visited 1 branch of the dungeon, and saw 3 of its levels.

You collected 236 gold pieces.

Inventory:

Hand Weapons
 p - a +0 sling (weapon)
Armour
 a - a +0 robe (worn)
Jewellery
 m - a +6 ring of dexterity (left hand)
 o - a +6 ring of dexterity (right hand)
Talismans
 j - a dragon-blood talisman
Scrolls
 d - a scroll of enchant armour {unknown}
 e - 2 scrolls of poison {unknown}
 f - a scroll of teleportation {unknown}
 g - a scroll of blinking {unknown}
 i - a scroll of noise {unknown}
 k - a scroll of vulnerability {unknown}
 r - a scroll of acquirement {unknown}
 s - a scroll of identify {unknown}
Potions
 b - a potion of magic
 c - 2 potions of lignification {unknown}
 h - 2 potions of heal wounds {unknown}
 l - a potion of brilliance {unknown}
 n - a potion of curing {unknown}
 q - a potion of haste {unknown}
 t - a potion of berserk rage {unknown}
 u - a potion of invisibility {unknown}
 v - a potion of mutation {unknown}
 w - a potion of resistance {unknown}


   Skills:
 + Level 0.3 Ranged Weapons
 + Level 2.7 Dodging
 + Level 2.7 Stealth
 + Level 4.8 Spellcasting
 + Level 6.2 Necromancy


You had 11 spell levels left.
You knew the following spells:

 Your Spells              Type           Power      Damage    Failure   Level
a - Necrotise             Necr           100%       1d9       1%          1

Your spell library contained the following spells:

 Spells                   Type           Power      Damage    Failure   Level
 Vampiric Draining        Necr           32%        2d8       2%          3
 Animate Dead             Necr           32%        N/A       8%          4
 Magic Dart               Conj           20%        1d4       11%         1
 Slow                     Hex            20%        N/A       11%         1
 Call Imp                 Summ           10%        N/A       16%         2
 Agony                    Necr           32%        N/A       22%         5
 Confusing Touch          Hex            5%         N/A       30%         3
 Mephitic Cloud           Conj/Pois/Air  5%         N/A       30%         3


Dungeon Overview and Level Annotations

Branches:
Dungeon (3/15)

Altars:
Yredelemnul

Shops:
D:1 :


Message History

The sling bullet hits the orc but does no damage.
The orc is severely wounded.
The orc misses you.
Fire: p) +0 sling
Press: ? - help, Q - select action, (/) - cycle Shift-Dir - straight line, f/p - orc
Aim: an orc, wielding a +0 hand axe and wearing a +0 leather armour (severely wounded, 63% to hit)
You shoot a sling bullet. The sling bullet hits the orc!
You kill the orc!
Something hits you.
Fire: p) +0 sling
Press: ? - help, Q - select action, (/) - cycle Shift-Dir - straight line, f - you Really target yourself?
Okay, then.
You hear some strange, mumbled words.
You are confused.
Okay, then.
Non-targeted confused fire: p) +0 sling
Press: ? - help, Q - select action, (/) - cycle Dir - look around, f - activate You shoot a sling bullet.
Something hits you.
* * * LOW HITPOINT WARNING * * *
Non-targeted confused fire: p) +0 sling
Press: ? - help, Q - select action, (/) - cycle Dir - look around, f - activate You shoot a sling bullet.
Something hits you.
* * * LOW HITPOINT WARNING * * *
Non-targeted confused fire: p) +0 sling
Press: ? - help, Q - select action, (/) - cycle Dir - look around, f - activate You shoot a sling bullet.
You hear some strange, mumbled words.
A puff of flame appears from out of thin air!
The puff of flame hits you.
* * * LOW HITPOINT WARNING * * *
Something hits you but does no damage.
Non-targeted confused fire: p) +0 sling
Press: ? - help, Q - select action, (/) - cycle Dir - look around, f - activate You shoot a sling bullet.
You feel less confused. Something hits you.
You die...

#.....##........
#.....##....†...
#..............#
#.....#.........
#.....#.>.......
#...............
#####..##........#
#.....#...##..####
#@#####.####.#
##{# .# #.
######.)####.## #
#.....<......#
#..[.....o####
#.........#
#.........#
#....$....#
#...<.....#


There were no monsters in sight!

Vanquished Creatures
  Terence (D:2)
  3 adders (D:2)
  A worm (D:2)
  A dart slug (D:1)
  4 orcs (D:3)
  2 ball pythons
  4 endoplasms
  A giant cockroach (D:3)
  5 goblins
  6 hobgoblins
  3 kobolds
  3 quokkas
  9 bats
  2 frilled lizards (D:2)
  5 rats
  A spectral orc (D:3)
51 creatures vanquished.

Vanquished Creatures (collateral kills)
  A bat (D:2)
1 creature vanquished.

Grand Total: 52 creatures vanquished

Notes
Turn   | Place    | Note
-------+----------+-------------------------------------------
     0 | D:1      | randomguy2701 the Deep Elf Necromancer began the quest for
                  | the Orb.
     0 | D:1      | Reached XP level 1. HP: 10/10 MP: 6/6
   143 | D:1      | Reached skill level 5 in Necromancy
   195 | D:1      | Found Uzeluex's Vocational Training.
   245 | D:1      | Reached XP level 2. HP: 15/15 MP: 6/8
   958 | D:2      | Found a faded altar of an unknown god.
  1006 | D:2      | Reached XP level 3. HP: 19/19 MP: 6/10
  1497 | D:2      | Reached skill level 6 in Necromancy
  1535 | D:2      | Reached XP level 4. HP: 24/24 MP: 9/12
  1679 | D:2      | Noticed Terence
  1684 | D:2      | Killed Terence
  2315 | D:3      | Found a basalt altar of Yredelemnul.
  2490 | D:3      | HP: 1/24 [something/puff of flame (4)]
  2491 | D:3      | Slain by an orc wizard

Illustrated notes

Levels and vault maps discovered:
D:1:      dpeg_arrival_tiny_g, layout_basic, nicolae_shop_vocational
D:2:      layout_basic, ebering_ecumenical_altar_mist, uniq_terence
D:3:      layout_rooms, yredelemnul_forgotten_temple_becter, moated_statue

Skill      XL: |  1  2  3 |
---------------+----------+-----
Necromancy     | 5 6 |  6.2
Spellcasting   | 4 |  4.8
Ranged Weapons | |  0.3
Dodging        | |  2.7
Stealth        | |  2.7

Action                     |  1- 3 |  4- 6 || total
---------------------------+-------+-------++-------
   Fire: Sling             |       |    45 ||    45
   Cast: Necrotise         |    65 |     9 ||    74
 Armour: Robe              |     5 |     4 ||     9
  Dodge: Dodged            |    19 |    16 ||    35

Table legend: (Time is in decaauts)
 A = Elapsed time spent in this place.
 B = Non-inter-level travel time spent in this place.
 C = Inter-level travel time spent in this place.
 D = Time resting spent in this place.
 E = Time spent auto-exploring this place.
 F = Levels seen in this place.
 G = Mean time per level.
                   A        B        C        D        E       F      G
               +--------+--------+--------+--------+--------+-----+--------+
         Total |   2507 |   2164 |    343 |      0 |   1882 |   3 |  835.7 |
       Dungeon |   2507 |   2164 |    343 |      0 |   1882 |   3 |  835.7 |
               +--------+--------+--------+--------+--------+-----+--------+

Top non-repeatable levels by time:
     D:2: 1212 daAuts
     D:1: 958 daAuts
     D:3: 337 daAuts
